 Dungeon Crawl Stone Soup version 0.26.0-10-g1f06aea511 (webtiles) character file.

Game seed: 12055106077307903491

2838 wakim the Cleaver (level 9, -2/118 HPs)
             Began as a Minotaur Berserker on Jan 23, 2021.
             Was an Elder of Trog.
             Slain by a manticore (4 damage)
             ... on level 7 of the Dungeon.
             The game lasted 00:17:49 (6353 turns).

wakim the Cleaver (Minotaur Berserker)              Turns: 6353, Time: 00:17:50

Health: -2/118     AC: 16    Str: 24    XL:     9   Next: 46%
Magic:  8/8        EV:  8    Int:  5    God:    Trog [****..]
Gold:   353        SH:  0    Dex: 10    Spells: 8/8 levels left

rFire    . . .     SeeInvis .   a - +0 war axe
rCold    . . .     Faith    .   (no shield)
rNeg     . . .     Spirit   .   e - +1 plate armour
rPois    .         Reflect  .   (helmet restricted)
rElec    .         Harm     .   (no cloak)
rCorr    .         Rampage  .   (no gloves)
Will     +....                  d - +0 pair of boots
Stlth    ..........             (no amulet)
HPRegen  0.29/turn              l - ring of flight
MPRegen  0.11/turn              m - ring of willpower

@: berserking, very quick
A: retaliatory headbutt, horns 2
a: Renounce Religion, Evoke Flight, Berserk, Trog's Hand, Brothers in Arms


You were on level 7 of the Dungeon.
You worshipped Trog.
Trog was greatly pleased with you.
You visited 2 branches of the dungeon, and saw 8 of its levels.

You collected 353 gold pieces.

Inventory:

Hand Weapons
 a - a +0 war axe (weapon)
 b - a +2 vorpal flail
Missiles
 f - 21 boomerangs
Armour
 d - a +0 pair of boots (worn)
 e - a +1 plate armour (worn)
Jewellery
 l - a ring of flight (left hand)
 m - a ring of willpower (right hand)
Wands
 n - a wand of enslavement (12)
 o - a wand of paralysis (6)
 p - a wand of random effects (26)
 q - a wand of flame (24) (quivered)
Scrolls
 h - 4 scrolls of teleportation
 j - a scroll of remove curse
 k - 5 scrolls of identify
 u - a scroll of vulnerability {unknown}
Potions
 c - 2 potions of haste
 g - a potion of ambrosia
 i - a potion of curing {unknown}
 r - a potion of heal wounds
 s - 2 potions of might
 t - a potion of cancellation {unknown}
 v - a potion of degeneration {unknown}


   Skills:
 + Level 7.4 Fighting
 * Level 10.0 Axes
 * Level 9.5 Armour
 - Level 2.1 Dodging
 + Level 4.0 Evocations


You had 8 spell levels left.
You didn't know any spells.
Your spell library was empty.

Dungeon Overview and Level Annotations

Branches:
Dungeon (7/15)             Temple (1/1) D:7

Altars:
Cheibriados
Dithmenos
Fedhas
Kikubaaqudgha
Makhleb
Qazlal
Ru
Sif Muna
Trog
Uskayaw
Vehumet
Zin
The Shining One

Shops:
D:5 =   D:6 ?!*(

Annotations:
D:3 1 runed translucent door


Innate Abilities, Weirdness & Mutations

You reflexively headbutt those who attack you in melee.
You have a pair of horns on your head.


Message History

You slash the manticore! You headbutt the manticore.
The manticore is heavily wounded.
The manticore bites you but does no damage.
The manticore claws you but does no damage. x2
You hit the manticore. Your headbutt misses the manticore.
The manticore is heavily wounded.
The manticore bites you but does no damage.
The manticore barely misses you. The manticore claws you!
* * * LOW HITPOINT WARNING * * *
A red film seems to cover your vision as you go berserk!
You feel yourself moving faster!
You feel mighty! The manticore closely misses you. The manticore claws you!
* * * LOW HITPOINT WARNING * * *
The manticore claws you but does no damage.
You barely miss the manticore.
The manticore is heavily wounded.
The manticore bites you!
* * * LOW HITPOINT WARNING * * *
The manticore closely misses you. The manticore claws you.
You die...

.........##
..........###+#
..............#
..............#
.......$......#
..............#
..........._..#
#.H@......# ##
####......# #.#
#(...<.# ..
###....## .#
##...#..####.#
#.##..###..)##..#
#....## #.#....#
#....# #.####.#
#....# #.( #..#


You could see a manticore.

Vanquished Creatures
  Pikel (D:6)
  Sigmund (D:2)
  A black bear (D:5)
  2 orc warriors (D:6)
  A phantom (D:5)
  3 ogres
  A centaur (D:6)
  A lemure (D:6)
  A bullfrog (D:5)
  2 scorpions
  9 wights
  4 howler monkeys
  2 hounds
  2 jellies (D:5)
  6 orc priests
  A centaur skeleton (D:4)
  Jessica (D:3)
  4 orc wizards
  5 worker ants
  2 hound skeletons
  A worker ant zombie (D:6)
  4 gnolls (D:5)
  8 adders
  A shadow imp (D:4)
  3 white imps
  3 ufetubi
  3 oozes
  3 worms
  A dart slug (D:1)
  4 leopard geckos
  22 orcs
  10 bats
  4 giant cockroaches
  5 hobgoblins
  3 quokkas
  5 frilled lizards
  11 goblins
  5 kobolds
  A quokka zombie (D:7)
  6 rats
153 creatures vanquished.

Notes
Turn   | Place    | Note
-------+----------+-------------------------------------------
     0 | D:1      | wakim the Minotaur Berserker began the quest for the Orb.
     0 | D:1      | Reached XP level 1. HP: 19/19 MP: 0/0
   125 | D:1      | Lost intelligence.
   192 | D:1      | Reached XP level 2. HP: 14/27 MP: 1/1
   400 | D:1      | Reached skill level 4 in Axes
  1002 | D:2      | Found a glowing golden altar of the Shining One.
  1007 | D:2      | Reached XP level 3. HP: 27/33 MP: 2/2
  1152 | D:2      | Found a faded altar of an unknown god.
  1352 | D:2      | Reached XP level 4. HP: 33/40 MP: 3/3
  1390 | D:2      | Noticed Sigmund
  1394 | D:2      | Reached ** piety under Trog
  1399 | D:2      | Killed Sigmund
  1400 | D:2      | Reached skill level 5 in Axes
  1400 | D:2      | Reached skill level 5 in Armour
  1400 | D:2      | Reached XP level 5. HP: 47/47 MP: 4/4
  1655 | D:2      | Reached XP level 6. HP: 50/55 MP: 5/5
  1804 | D:2      | Found a glowing golden altar of the Shining One.
  1831 | D:2      | Reached skill level 6 in Axes
  2493 | D:3      | Found a blossoming altar of Fedhas.
  2493 | D:3      | Found a radiant altar of Vehumet.
  2493 | D:3      | Found a sacrificial altar of Ru.
  2493 | D:3      | Found an ancient bone altar of Kikubaaqudgha.
  2493 | D:3      | Found a shadowy altar of Dithmenos.
  2649 | D:3      | Reached skill level 5 in Fighting
  2706 | D:3      | Found a glowing silver altar of Zin.
  2707 | D:3      | Noticed an angel
  2714 | D:3      | Found a runed translucent door.
  2757 | D:3      | Found a hide-covered altar of Uskayaw.
  2771 | D:3      | Noticed Jessica
  2778 | D:3      | Killed Jessica
  2857 | D:3      | Found a stormy altar of Qazlal.
  3138 | D:3      | Found a burning altar of Makhleb.
  3409 | D:4      | Reached *** piety under Trog
  3410 | D:4      | Reached skill level 1 in Evocations
  3410 | D:4      | Reached XP level 7. HP: 49/61 MP: 6/6
  4106 | D:5      | Entered Level 5 of the Dungeon
  4140 | D:5      | Found Mossaquc's Jewellery Boutique.
  4171 | D:5      | Reached skill level 7 in Axes
  4476 | D:5      | Reached XP level 8. HP: 46/70 MP: 7/7
  4725 | D:5      | Found a bloodstained altar of Trog.
  4839 | D:6      | Reached skill level 8 in Axes
  4842 | D:6      | HP: 3/70 [scorpion (7)]
  4849 | D:6      | HP: 1/70 [orc warrior/+0 dire flail (18)]
  5247 | D:6      | Reached **** piety under Trog
  5601 | D:6      | Reached skill level 9 in Axes
  5614 | D:6      | Found Sogah's Magic Scroll Boutique.
  5633 | D:6      | Found Zaxeady's Distillery.
  5773 | D:6      | Found Waampesh's General Store.
  5799 | D:6      | Noticed Pikel
  5840 | D:5      | Reached XP level 9. HP: 65/78 MP: 8/8
  5991 | D:6      | Killed Pikel
  6028 | D:6      | Found a shimmering blue altar of Sif Muna.
  6053 | D:6      | Found Wereeve's Weapon Emporium.
  6145 | D:7      | Found a staircase to the Ecumenical Temple.
  6162 | Temple   | Entered the Ecumenical Temple
  6227 | D:7      | Reached skill level 10 in Axes
  6326 | D:7      | Found a snail-covered altar of Cheibriados.
  6339 | D:7      | Noticed a manticore
  6353 | D:7      | HP: 2/118 [manticore (12)]
  6353 | D:7      | Slain by a manticore

Illustrated notes

Levels and vault maps discovered:
D:1:      giann_bridges, layout_basic, solitary_fountain,
          chequers_decorated_corner
D:2:      cheibrodos_pilgrimage, layout_basic, nicolae_overflow_crystal_walls,
          chequers_ecumenical_altar_simple_redux, serial_rivers,
          chequers_serial_rivers_small_b, chequers_serial_rivers_room_a,
          chequers_serial_rivers_room_a, chequers_serial_rivers_room_b,
          chequers_serial_rivers_micro_b, tso_metal_star, uniq_sigmund
D:3:      layout_basic, grunt_temple_overflow_open, lemuel_doored_altar,
          makhleb_heckhound_becter, lemuel_crystal_altar, lemuel_angel_altar,
          uniq_jessica
D:4:      layout_basic
D:5:      layout_cave_pools, kennysheep_mini_moat, serial_shops, shop,
          minmay_misc_feat_four_crosses
D:6:      layout_rooms, lemuel_round_altar, serial_shops, shop, shop, shop,
          shop, uniq_pikel
D:7:      kennysheep_windowed_halls, layout_rooms, cheibriados_altar_1,
          minmay_temple_entry_glass, serial_glass, glass_columns_a,
          glass_columns_b, glass_columns_a, glass_columns_a, glass_columns_b,
          glass_columns_c, gammafunk_ghost_grave, kennysheep_flooded_box,
          uniq_maggie
Temple:   corrupted_temple

Skill      XL: |  1  2  3  4  5  6  7  8  9 |
---------------+----------------------------+-----
Axes           | 4 5 6 7 9 10 | 10.0
Armour         | 3 5 7 8 9 |  9.5
Fighting       | 4 5 6 7 |  7.4
Evocations     | 1 2 3 4 |  4.0
Dodging        | |  2.1

Action                   |  1- 3 |  4- 6 |  7- 9 || total
-------------------------+-------+-------+-------++-------
Melee: Hand axe          |    66 |       |       ||    66
       Headbutt          |     6 |    17 |    40 ||    63
       Flail             |    10 |   119 |    50 ||   179
       War axe           |       |       |   181 ||   181
Invok: Berserk           |       |     1 |     3 ||     4
 Abil: Evoke Flight      |       |     1 |       ||     1
  Use: Scroll            |     5 |     2 |     6 ||    13
       Potion            |       |       |     7 ||     7
Armor: Leather armour    |    23 |     5 |       ||    28
       Plate armour      |       |    80 |   181 ||   261
Dodge: Dodged            |    57 |    60 |   100 ||   217
